AoeStats
← andenore

Yucatan

510614998Analyzed
4v4 RM · 1d ago on Oct 1, 2026· 59m 22s· 8 players
Game mode
Random Map
Map size
Large (8 player)
Population
200
Speed
Normal
Resources
Standard
Victory
Conquest
Starting age
Dark Age
Ending age
Imperial Age
RankedLock teamsTeams togetherTeam positionsShared explorationLock speedFull tech treeHidden civsTurbo modeCheats
Victory
Defeat
🇬🇧 Jurchens · United Kingdom
990
+16
🇳🇴 Britons · Norway
975
+17
🇬🇧 Japanese · United Kingdom
969
+17
🇮🇹 Inca · Italy
944
+18
🇵🇱 Franks · Poland
1011
-18
🇮🇪 Varangians · Ireland
1007
-18
🇦🇷 Goths · Argentina
996
-17
🇪🇸 Persians · Spain
939
-15
andenore
11:44 Feudal Age
13:57 Double-Bit Axe
18:11 Castle Age
19:13 Wheelbarrow
18:24 Loom
20:01 Bow Saw
19:45 Fletching
19:56 Padded Archer Armor
19:26 Crossbowman
21:19 Horse Collar
28:24 Hand Cart
28:28 Stone Mining
29:48 Squires
32:38 Gold Mining
33:32 Bodkin Arrow
37:08 Gold Shaft Mining
42:10 Yeomen
42:00 Pikeman
44:36 Leather Archer Armor
44:34 Forging
44:25 Scale Mail Armor
47:39 Iron Casting
47:19 Chain Mail Armor
48:51 Ballistics
49:55 Chain Mail Armor
49:54 Man-at-Arms
50:26 Arson
51:44 Murder Holes
52:01 Fortified Wall
54:36 Imperial Age
56:22 Town Watch
56:37 Halberdier
58:39 Chemistry
58:08 Bracer
58:46 Heavy Plow
60:03 Two-Man Saw
59:17 Town Patrol
House of Bebu
11:14 Feudal Age
9:56 Loom
10:15 Loom
13:36 Double-Bit Axe
17:16 Castle Age
15:04 Horse Collar
18:01 Bloodlines
18:07 Forging
18:02 Scale Barding Armor
18:22 Husbandry
18:42 Bow Saw
18:46 Heavy Plow
29:06 Wheelbarrow
30:09 Iron Casting
30:38 Gold Mining
32:27 Chain Barding Armor
35:41 Hand Cart
35:32 Fletching
39:07 Imperial Age
36:23 Town Watch
37:16 Town Patrol
38:31 Gold Shaft Mining
37:47 Stone Mining
37:56 Treadmill Crane
38:28 Masonry
38:45 Fortified Bastions
39:15 Elite Steppe Lancer
40:59 Blast Furnace
40:35 Plate Barding Armor
39:56 Bodkin Arrow
40:37 Crop Rotation
41:10 Two-Man Saw
40:53 Conscription
41:09 Hoardings
41:26 Thunderclap Bombs
41:29 Guilds
43:58 Chemistry
42:55 Murder Holes
43:05 Siege Engineers
43:31 Architecture
Sneaky Zucchini
11:20 Feudal Age
11:45 Loom
16:01 Castle Age
18:32 Double-Bit Axe
20:03 Wheelbarrow
23:29 Town Watch
24:02 Scale Mail Armor
24:12 Forging
24:55 Man-at-Arms
24:56 Pikeman
25:37 Squires
25:23 Gambesons
25:24 Arson
25:56 Chain Mail Armor
26:17 Iron Casting
26:34 Bow Saw
26:39 Fishing Lines
26:31 Long Swordsman
27:22 Stone Mining
27:24 Gold Mining
28:10 Fletching
30:10 Gillnets
30:29 Bodkin Arrow
30:35 Padded Archer Armor
35:34 Imperial Age
34:07 Yasama
34:24 Leather Archer Armor
36:13 Ballistics
36:03 Masonry
35:39 Two-Handed Swordsman
38:04 Blast Furnace
38:05 Plate Mail Armor
38:40 Champion
39:39 Halberdier
41:00 Bracer
40:49 Arrowslits
40:54 Guard Tower
40:46 Treadmill Crane
42:43 Two-Man Saw
45:50 Keep
46:16 Chemistry
49:23 Hand Cart
49:56 Conscription
49:57 Kataparuto
Boiler
11:46 Feudal Age
15:19 Castle Age
13:13 Double-Bit Axe
13:10 Horse Collar
16:21 Wheelbarrow
16:08 Loom
17:02 Bow Saw
21:41 Loom
22:35 Heavy Plow
22:26 Stone Mining
22:26 Gold Mining
22:45 Loom
24:52 Forging
25:18 Pikeman
28:06 Scale Mail Armor
28:42 Iron Casting
29:36 Town Watch
31:32 Fletching
34:43 Squires
37:46 Imperial Age
37:55 Murder Holes
38:12 Masonry
38:24 Fortified Wall
39:09 Chain Mail Armor
39:55 Blast Furnace
38:51 Bodkin Arrow
40:01 Conscription
40:36 Fabric Shields
46:35 Blast Furnace
46:06 Plate Mail Armor
49:28 Crop Rotation
49:37 Stone Shaft Mining
51:49 Halberdier
52:42 Elite Kamayuk
RODRIGOL
1:01 Loom
11:11 Feudal Age
11:49 Horse Collar
11:55 Double-Bit Axe
18:12 Castle Age
17:39 Stone Mining
17:45 Gold Mining
19:31 Bow Saw
19:26 Heavy Plow
23:07 Wheelbarrow
27:11 Stone Shaft Mining
27:41 Hand Cart
35:01 Imperial Age
33:30 Forging
33:21 Scale Mail Armor
32:45 Pikeman
33:25 Squires
33:26 Anarchy
35:27 Iron Casting
35:08 Chain Mail Armor
35:18 Ballistics
36:31 Crop Rotation
37:03 Two-Man Saw
36:09 Perfusion
36:29 Conscription
37:13 Chemistry
36:08 Halberdier
37:56 Blast Furnace
38:13 Elite Huskarl
39:05 Caravan
Karlos
12:09 Feudal Age
16:02 Castle Age
14:33 Double-Bit Axe
23:58 Horse Collar
26:58 Wheelbarrow
30:25 Imperial Age
28:59 Scale Mail Armor
29:12 Forging
29:09 Scale Barding Armor
29:58 Bloodlines
30:23 Heavy Plow
32:12 Bow Saw
33:36 Iron Casting
35:46 Two-Man Saw
36:04 Cavalier
38:03 Crop Rotation
38:22 Savar
39:51 Chain Barding Armor
40:32 Blast Furnace
40:30 Pikeman
41:13 Stone Mining
41:13 Gold Mining
41:01 Savar
42:07 Halberdier
42:41 Halberdier
43:30 Scale Mail Armor
44:36 Hand Cart
[FOREIGN LEGION] Steo
11:25 Feudal Age
10:33 Loom
12:02 Horse Collar
15:50 Castle Age
14:26 Double-Bit Axe
25:07 Heavy Plow
26:58 Wheelbarrow
27:31 Gold Mining
32:11 Imperial Age
30:26 Hand Cart
30:18 Vendel Legacy
33:29 Bow Saw
33:52 Crop Rotation
33:09 Town Watch
32:59 Gothikon
33:01 Elite Jarl
33:06 Cavalier
34:16 Forging
34:12 Scale Barding Armor
34:46 Bloodlines
35:18 Elite Varangian Guard
36:38 Iron Casting
36:24 Chain Barding Armor
38:21 Blast Furnace
37:44 Chain Barding Armor
37:44 Light Cavalry
39:02 Hussar
Ilyrian
9:39 Loom
12:05 Feudal Age
17:38 Castle Age
16:30 Double-Bit Axe
20:04 Husbandry
24:43 Wheelbarrow
33:20 Gold Mining
33:20 Stone Mining
38:20 Imperial Age
37:45 Scale Barding Armor
37:50 Forging
38:45 Hand Cart
39:56 Elite Skirmisher
43:20 Cavalier
44:27 Chain Barding Armor
44:17 Forging
47:51 Plate Barding Armor
47:26 Forging
48:44 Scale Mail Armor
48:35 Fletching
48:45 Padded Archer Armor
50:33 Bodkin Arrow
50:38 Padded Archer Armor
50:54 Chain Mail Armor
51:14 Iron Casting
52:11 Heavy Mounted Crossbowman
52:11 Cranequins
56:15 Plate Mail Armor
56:45 Blast Furnace
56:02 Leather Archer Armor
56:52 Blast Furnace
56:10 Leather Archer Armor
58:21 Hand Cart
Connection lost

Rejoining the realm…

Still unreachable

The connection could not be restored.

Session expired

The server has moved on; the page needs a fresh start.